 Dungeon Crawl Stone Soup version 0.26-a0-490-gf8362a0c98 (webtiles) character file.

Game seed: 15300148982608192734

61 ANON1729 the Sneak (level 3, 0/31 HPs)
             Began as a Palentonga Delver on Aug 4, 2020.
             Engulfed by a cloud of noxious fumes (2 damage)
             ... on level 6 of the Dungeon.
             The game lasted 00:01:44 (702 turns).

ANON1729 the Sneak (Palentonga Delver)               Turns: 702, Time: 00:01:45

Health: 0/31       AC:  4    Str: 16    XL:     3   Next: 83%
Magic:  3/3        EV: 10    Int: 10    God:
Gold:   23         SH:  0    Dex: 11    Spells: 2/2 levels left

rFire    . . .     SeeInvis +   a - +0 falchion
rCold    . . .     Faith    .   (no shield)
rNeg     . . .     Spirit   .   b - +0 leather armour
rPois    .         Reflect  .   (no helmet)
rElec    .         Harm     .   (no cloak)
rCorr    .                      (no gloves)
MR       .....                  (boots restricted)
Stlth    +.........             (no amulet)
HPRegen  0.10/turn              (no ring)
MPRegen  0.08/turn              (no ring)

@: confused, lethally poisoned (0 -> -4), hasted, very quick
A: large, rugged brown scales 3, see invisible, deformed body, roll, armoured
tail
a: Rolling Charge


You were on level 6 of the Dungeon.
You visited 1 branch of the dungeon, and saw 2 of its levels.

You collected 23 gold pieces.

Inventory:

Hand Weapons
 a - a +0 falchion (weapon)
Armour
 b - a +0 leather armour (worn)
Wands
 g - a wand of digging (3)
 i - a wand of clouds (2)
Scrolls
 c - 2 scrolls of fog
 d - a scroll of magic mapping
 e - a scroll of fear


   Skills:
 + Level 3.5 Fighting
 + Level 2.7 Long Blades
 + Level 2.1 Dodging
 + Level 3.6 Stealth


You had 2 spell levels left.
You didn't know any spells.
Your spell library was empty.

Dungeon Overview and Level Annotations

Branches:
Dungeon (6/15)
 Temple: D:4-7

Altars:


Innate Abilities, Weirdness & Mutations

You are completely covered in rugged brown scales. (AC +3, +7% HP)
You have supernaturally acute eyesight. (SInv)
Armour fits poorly on your strangely shaped body.
You can roll at foes to attack.
You have a long armoured tail.


Message History

The ogre is lightly wounded.
* * * LOW HITPOINT WARNING * * *
You feel sick.
Evoke which item? (* to show all) (? for menu, Esc to quit)
Aiming: Cloud Cone
Press: ? - help, Dir - move target cursor, f/p - ogre
Aim: an ogre, wielding a +0 giant spiked club (lightly wounded)
You create a blast of noxious fumes!
Evoke which item? (* to show all) (? for menu, Esc to quit)
Okay, then.
The ogre is engulfed in noxious fumes.
The ogre appears confused.
Evoke which item? (* to show all) (? for menu, Esc to quit)
Okay, then.
Okay, then.
* * * LOW HITPOINT WARNING * * *
You feel sick.
Really walk into that cloud of noxious fumes?
You are engulfed in noxious fumes.
You choke on the stench!
You are confused.
You die...

.. #. ?.. ..
.... #. ..# #.
... #.#.#####.#
#...<.....#
#######...###.##
#.....@§§.'....+
#.#####☼§§###.##
#.§§....
#..O.##.. ####(#
... ####


You could see an ogre (confused).

Vanquished Creatures
  A bullfrog zombie (D:5)
  An adder (D:5)
  A howler monkey skeleton (D:5)
  An ufetubus (D:5)
  2 leopard geckos (D:5)
  2 jackals (D:5)
8 creatures vanquished.

Notes
Turn   | Place    | Note
-------+----------+-------------------------------------------
     0 | D:5      | ANON1729 the Palentonga Delver began the quest for the Orb.
     0 | D:5      | Reached XP level 1. HP: 19/19 MP: 1/1
    58 | D:5      | Reached XP level 2. HP: 25/25 MP: 2/2
   353 | D:5      | Reached XP level 3. HP: 5/31 MP: 3/3
   694 | D:6      | Noticed an ogre
   702 | D:6      | Engulfed by a cloud of noxious fumes

Illustrated notes

Levels and vault maps discovered:
D:5:      layout_layer_cave, serial_shops, shop_fountains,
          hangedman_abyss_or_decor_slice
D:6:      layout_basic, serial_shops, nicolae_shop_competitors_out_of_business,
          shop, shop, shop, shop_fountains, minmay_a_box_with_orc_wizards_in_it,
          uniq_grinder, uniq_pikel, uniq_blork_the_orc

Skill      XL: |  1  2 |
---------------+-------+-----
Dodging        | 2 |  2.1
Fighting       | |  3.5
Long Blades    | |  2.7
Stealth        | |  3.6

Action                   || total
-------------------------++-------
Melee: Falchion          ||    38
       Tailslap          ||     4
Throw: Javelin           ||     5
 Abil: Rolling Charge    ||     1
Evoke: Wand              ||     1
  Use: Potion            ||     1
 Stab: Sleeping          ||     1
Armor: Leather armour    ||     7
Dodge: Dodged            ||    22
       Rpst.: Falchion   ||     5

Table legend: (Time is in decaauts)
 A = Elapsed time spent in this place.
 B = Non-inter-level travel time spent in this place.
 C = Inter-level travel time spent in this place.
 D = Time resting spent in this place.
 E = Time spent auto-exploring this place.
 F = Levels seen in this place.
 G = Mean time per level.
                   A        B        C        D        E       F      G
               +--------+--------+--------+--------+--------+-----+--------+
         Total |    704 |    704 |      0 |    485 |    106 |   2 |  352.0 |
       Dungeon |    704 |    704 |      0 |    485 |    106 |   2 |  352.0 |
               +--------+--------+--------+--------+--------+-----+--------+

Top non-repeatable levels by time:
     D:5: 694 daAuts
     D:6: 10 daAuts
